 Dungeon Crawl Stone Soup version 0.17-a0-1900-g45e8110 (webtiles) character file.

937 Goblin1989 the Insei (level 8, -2/42 HPs)
             Began as a Vine Stalker Monk on Sept 24, 2015.
             Was a Priest of Okawaru.
             Slain by an orc warrior
             ... wielding a +2 glaive of chopping
              (8 damage)
             ... on level 6 of the Dungeon.
             The game lasted 00:30:20 (4865 turns).

Goblin1989 the Insei (Vine Stalker Monk)            Turns: 4865, Time: 00:30:20

Health: -2/42      AC: 17    Str: 21    XL:     8   Next: 12%
Magic:  0/9        EV:  7    Int: 10    God:    Okawaru [***...]
Gold:   205        SH:  6    Dex: 17    Spells: 0 memorised, 7 levels left

rFire  + . .     SeeInvis .       - Unarmed
rCold  + . .     Clarity  .     d - +1 gold dragon armour
rNeg   . . .     SustAt   .     m - +0 buckler
rPois  +         Gourm    .     (no helmet)
rElec  .         Spirit   +     (no cloak)
rCorr  .         Warding  .     (no gloves)
rMut   +         Stasis   .     (no boots)
MR     +....                    h - amulet of resist mutation
Stlth  ..........               (no ring)
                                q - ring of flight

@: mighty, heroism, somewhat resistant to hostile enchantments, extremely
unstealthy
A: fangs 3, regeneration 2, magic shield, antimagic bite, no device heal 3, rot
immunity
a: Heroism, Renounce Religion, Evoke Flight


You were on level 6 of the Dungeon.
You worshipped Okawaru.
Okawaru was most pleased with you.
You were not hungry.

You visited 1 branch of the dungeon, and saw 6 of its levels.

You collected 205 gold pieces.

Inventory:

Missiles
 n - 3 tomahawks (quivered)
Armour
 d - a +1 gold dragon armour (worn)
 m - a +0 buckler (worn)
Jewellery
 h - an amulet of resist mutation (around neck)
 q - a ring of flight (left hand)
Magical devices
 j - a wand of slowing (25)
 o - a wand of paralysis (10)
Scrolls
 e - 4 scrolls of remove curse
 g - a scroll of amnesia
 k - 2 scrolls of identify
 p - a scroll of fog
 r - a scroll of magic mapping
 t - a scroll of blinking {unknown}
Potions
 c - 2 potions of flight
 i - a potion of curing
 l - a potion of might
 s - a potion of cure mutation {unknown}
Comestibles
 a - 2 fruits
 b - 6 bread rations
 f - 3 chunks of flesh


   Skills:
 + Level 4.4(9.4) Fighting
 + Level 3.0(8.0) Armour
 - Level 2.4(7.4) Dodging
 - Level 3.0(8.0) Stealth
 + Level 2.7(7.7) Shields
 * Level 7.2(12.2) Unarmed Combat


You had 7 spell levels left.
You didn't know any spells.

Dungeon Overview and Level Annotations

Branches:
Dungeon (6/15)
 Temple: D:4-7

Altars:
Okawaru

Annotations:
D:5 ithil's ghost, average GrGl


Innate Abilities, Weirdness & Mutations

You have razor-sharp teeth.
You heal very quickly.
When hurt, damage is shared between your health and your magic reserves.
Your bite disrupts and absorbs the magic of your enemies.
Potions and wands cannot restore your health.
You are immune to rotting.


Message History

You completely miss the orc warrior.
The orc shouts!
Your bite misses the orc warrior.
The orc warrior hits you with a glaive of chopping!!
Your gold dragon armour prevents you from hitting the orc warrior.
You bite the orc warrior, but do no damage.
You block the orc warrior's attack.
You hit the orc warrior.
You bite the orc warrior, but do no damage.
The orc warrior is lightly wounded.
You closely miss the orc warrior. Your bite misses the orc warrior.
The orc warrior is lightly wounded.
The orc warrior hits you with a glaive of chopping!!
* * * LOW HITPOINT WARNING * * *
x2 Read which item? (? for menu, Esc to quit)
Okay, then.
Drink which item? (? for menu, Esc to quit)
You feel very mighty all of a sudden.
The orc warrior hits you with a glaive of chopping!
You die...

###### ###########.....
#............... #.#########...##
##########.# ###......[.
#########..........####......#.##
..<[[.oo.......o.........>.....#.
#######...#.[..o@.....#.#.##.###.
.......##.#########.#.#.##.# #.
.......##)# #...#....# #.
........##.#### ########## #.
........#.....# #.
######..#.....# ##
.##.....#oo...# .[....#.....>.#
## ......#.......# #<


You could see an orc warrior and an orc.

Vanquished Creatures
  Eustachio (D:6)
  2 slaves (D:6)
  2 ogres
  2 scorpions
  A hound (D:5)
  A quasit (D:4)
  A giant frog skeleton (D:4)
  2 orc wizards (D:4)
  An orc priest (D:3)
  6 worker ants
  A hound zombie (D:5)
  7 adders
  3 gnolls
  A shadow imp (D:5)
  3 adder skeletons
  2 worms
  3 giant geckos
  11 orcs
  8 bats
  4 giant cockroaches
  7 hobgoblins
  17 jackals
  A quokka (D:3)
  A ball python (D:5)
  4 giant newts
  7 goblins
  9 kobolds
  3 rats
111 creatures vanquished.

Notes
Turn   | Place    | Note
--------------------------------------------------------------
     0 | D:1      | Goblin1989 the Vine Stalker Monk began the quest for the Orb.
     0 | D:1      | Reached XP level 1. HP: 11/11 MP: 2/2
   167 | D:1      | Reached XP level 2. HP: 16/16 MP: 3/3
   366 | D:1      | Reached XP level 3. HP: 17/19 MP: 4/4
   952 | D:1      | Reached skill level 1 in Armour
  1691 | D:1      | Reached XP level 4. HP: 16/23 MP: 5/5
  2055 | D:3      | Reached skill level 5 in Unarmed Combat
  2427 | D:3      | Found an iron altar of Okawaru.
  2443 | D:3      | Became a worshipper of Warmaster Okawaru
  2443 | D:3      | Acquired Okawaru's first power
  2751 | D:4      | Reached XP level 5. HP: 28/28 MP: 6/6
  3077 | D:4      | Gained mutation: You heal very quickly. [Vine Stalker growth]
  3077 | D:4      | Reached XP level 6. HP: 28/32 MP: 7/7
  3399 | D:4      | Reached skill level 1 in Shields
  3399 | D:4      | Reached skill level 6 in Unarmed Combat
  3475 | D:4      | Noticed an ogre
  3562 | D:5      | Entered Level 5 of the Dungeon
  3900 | D:4      | Killed an ogre
  3900 | D:4      | Reached XP level 7. HP: 8/37 MP: 2/8
  4392 | D:5      | Noticed ithil's ghost (average GrGl)
  4419 | D:4      | Reached skill level 7 in Unarmed Combat
  4647 | D:6      | Noticed Eustachio
  4754 | D:6      | Killed Eustachio
  4754 | D:6      | Gained mutation: You have razor-sharp teeth. [Vine Stalker growth]
  4754 | D:6      | Reached XP level 8. HP: 37/42 MP: 5/9
  4865 | D:6      | Slain by an orc warrior

Vault maps used:
D:1:      minmay_arrival_radiant_lines, fountainhead
D:3:      okawaru_metal_pillars_1_2
D:4:      minitemple, first_bread
D:5:      gup_sewer_entry_pipe, hangedman_decor_lopped
D:6:      uniq_pikel, uniq_prince_ribbit1, uniq_eustachio

Action                   |  1- 3 |  4- 6 |  7- 9 || total
-------------------------+-------+-------+-------++-------
Melee: Unarmed           |   132 |   204 |   124 ||   460
Throw: Throwing net      |       |     1 |       ||     1
Invok: Heroism           |       |     1 |     2 ||     3
  Use: Scroll            |     5 |     6 |     1 ||    12
       Potion            |     4 |     1 |     1 ||     6
 Stab: Sleeping          |     6 |     2 |       ||     8
  Eat: Chunk             |     1 |     3 |     1 ||     5
       Meat ration       |     1 |       |     1 ||     2
       Fruit             |       |     1 |       ||     1
